 Dungeon Crawl Stone Soup version 0.30-a0-610-gb513c0a51f (webtiles) character file.

Game seed: 7949900738296068164

17018 Gargoyl the Cleaver (level 12, -16/70 HPs)
             Began as a Gargoyle Berserker on Jan 8, 2023.
             Was a High Priest of Trog.
             Demolished by an ettin
             ... wielding a +0 giant club of distortion
              (22 damage)
             ... on level 5 of the Abyss.
             The game lasted 00:15:42 (9882 turns).

Gargoyl the Cleaver (Gargoyle Berserker)            Turns: 9882, Time: 00:15:42

Health: -16/70     AC: 32    Str: 24    XL:     12   Next: 43%
Magic:  12/12      EV: 13    Int:  5    God:    Trog [*****.]
Gold:   573        SH:  0    Dex: 17    Spells: 11/11 levels left

rFire   + . .      SeeInvis +    m - +5 war axe (venom)
rCold   + . .      Faith    .    (no shield)
rNeg    + . .      Spirit   .    o - +3 scale mail
rPois   ∞          Reflect  .    h - +2 helmet
rElec   +          Harm     .    j - +0 cloak of the Orcish Mines {rC+ SInv}
rCorr   +          Rampage  .    M - +2 pair of gloves
Will    ++...      Rage     50%  d - +2 pair of boots
Stlth   +                        p - necklace of Bloodlust {*Rage Will++ Int-3 Slay+6}
HPRegen 0.31/turn                g - ring of resist corrosion
MPRegen 0.13/turn                G - +6 ring of dexterity

@: mighty, on berserk cooldown, flying, slowed, studying Shields, silenced, very
slow
A: sickness immunity, AC +8, negative energy resistance 1, electricity
resistance, torment resistance 1, petrification resistance, big wings, fire
resistance 1, frail 1
a: Renounce Religion


You were on level 5 of the Abyss.
You worshipped Trog.
Trog was extremely pleased with you.
You visited 2 branches of the dungeon, and saw 12 of its levels.
You visited the Abyss 1 time.
You also visited: Bailey.

You collected 767 gold pieces.
You spent 194 gold pieces at shops.

Inventory:

Hand Weapons
 a - a +1 hand axe
 m - a +5 war axe of venom (weapon)
 u - the +8 spear of Subjectivity {venom, rPois rC- Will+++ Int+3}
   (You found it on level 6 of the Dungeon)

   Int:       It affects your intelligence (+3).
   rC:        It makes you vulnerable to cold.
   rPois:     It protects you from poison.
   Will:      It greatly increases your willpower.
 z - a +4 long sword
 C - a +4 trident
 E - a +4 triple sword of holy wrath
 F - a +4 scimitar of flaming
 I - a +4 scimitar of electrocution
 L - a +3 heavy battleaxe
Missiles
 x - 60 poisoned darts (quivered)
Armour
 d - a +2 pair of boots (worn)
 h - a +2 helmet (worn)
 j - the +0 cloak of the Orcish Mines (worn) {rC+ SInv}
   (You acquired it on level 6 of the Dungeon)

   rC:        It protects you from cold.
   SInv:      It lets you see invisible.
 o - a +3 scale mail (worn)
 M - a +2 pair of gloves (worn)
Jewellery
 g - a ring of resist corrosion (left hand)
 p - the necklace of Bloodlust (around neck) {*Rage Will++ Int-3 Slay+6}
   (You found it on level 4 of the Dungeon)

   [amulet of nothing]

   It extends the wearer's berserk rage when killing foes.
   Int:       It affects your intelligence (-3).
   Slay:      It affects your accuracy & damage with ranged weapons and melee
   (+6).
   *Rage:     It berserks you when you make melee attacks (+50% chance).
   Will:      It greatly increases your willpower.
 w - a ring of protection from cold
 D - a ring of positive energy
 G - a +6 ring of dexterity (right hand)
 K - an amulet of the acrobat
Wands
 b - a wand of flame (21)
 v - a wand of polymorph (13)
 y - a wand of mindburst (17)
 B - a wand of charming (5)
Scrolls
 l - 4 scrolls of teleportation
 n - a scroll of fear
 s - a scroll of blinking
 A - a scroll of fog
 H - a scroll of identify
Potions
 e - 4 potions of haste
 f - 5 potions of might
 i - a potion of lignification
 k - 2 potions of flight
 q - 3 potions of curing
 t - a potion of resistance {unknown}
 J - a potion of magic {unknown}
 N - a potion of attraction {unknown}
Miscellaneous
 r - a piece from Xom's chessboard (15/15)


   Skills:
 + Level 10.5 Fighting
 + Level 1.0 Long Blades
 + Level 13.0 Axes
 + Level 9.6 Armour
 + Level 5.9 Dodging
 + Level 3.2 Stealth


You had 11 spell levels left.
You didn't know any spells.
Your spell library was empty.

Dungeon Overview and Level Annotations

Branches:
Dungeon (11/15)            Temple (0/1) D:5            Lair (1/5) D:8
 Bailey (visited)
    Orc: D:9-12

Altars:
Fedhas
Hepliaklqana
Kikubaaqudgha
Qazlal
Ru
Trog
Vehumet
Wu Jian
Xom
Yredelemnul

Shops:
D:1 (   D:3 (

Portals:
Abyss: Lair:1

Annotations:
Lair:1 Ceschuni's ghost, novice GrEE


Innate Abilities, Weirdness & Mutations

You are immune to sickness and miasma.
Your stone body is resilient. (AC +8)
You are immune to poison.
You resist negative energy. (rN+)
You are resistant to electric shocks. (rElec)
You are resistant to unholy torment.
You are immune to petrification.
Your large and strong wings let you fly.
Your flesh is heat resistant. (rF+)
You are frail. (-10% HP)


Message History

Aim: an ettin, wielding a +0 giant club of distortion and a +0 giant club of chaos (silenced, 86% to hit)
You throw a poisoned dart. The poisoned dart hits the ettin.
Throw: 62 darts (poison)
Press: ? - help, Q - select action, (/) - cycle Shift-Dir - straight line, f/p - ettin
Aim: an ettin, wielding a +0 giant club of distortion and a +0 giant club of chaos (silenced, 86% to hit)
You throw a poisoned dart. The poisoned dart hits the ettin.
The ettin is poisoned.
The ettin hits you but does no damage.
You blink.
Throw: 61 darts (poison)
Press: ? - help, Q - select action, (/) - cycle Shift-Dir - straight line, f/p - ettin
Aim: an ettin, wielding a +0 giant club of distortion and a +0 giant club of chaos (silenced, poisoned, 86% to hit)
You throw a poisoned dart. The poisoned dart hits the ettin.
The ettin hits you with a +0 giant club of distortion!!!
Ouch! That really hurt!
You blink. 2 ettins come into view.
An ettin is wielding a +0 giant spiked club of distortion and a +0 giant spiked club of chaos.
An ettin is wielding a +0 giant spiked club of distortion and a +0 giant spiked club of chaos.
Found a runelight.
Magic scrolls do not work when you're silenced!
You feel much better.
You slice the ettin!!
The ettin looks as sick as possible!
The ettin is moderately wounded.
The ettin hits you with a +0 giant club of distortion!
You blink.
You hit the ettin.
The ettin is heavily wounded.
The ettin barely misses you.
The ettin hits you with a +0 giant club of chaos!!
You feel much better. The ettin completely misses you.
The ettin closely misses you. x2
The ettin hits you with a +0 giant club of chaos!
The ettin burns you.
You feel better. The ettin misses you.
The ettin hits you with a +0 giant club of chaos!!
* * * LOW HITPOINT WARNING * * *
Space warps horribly around you!
* * * LOW HITPOINT WARNING * * *
Unknown command.
The ettin hits you with a +0 giant club of distortion!!
You die...

# # .# .## ## ...
##..# ..# ##.#
⌠⌠⌠⌠# . .
#⌠⌠..##### ..∩..
⌠####C# ##
.....#.#.#(#C#.#
#...⌠.##C#####.#
.#.#.⌠##@##G##.#
.....⌠#.##Zφ.##.#
##...⌠##~##W#C#.#
#... # .### ##.
..###. #.#.# .##
# ....⌠####.# #
#. . X ## .... ..
⌠ ⌠⌠ #.#..#....
##


You could see 3 ettins.

Vanquished Creatures
  A bunyip (Abyss:3)
  A hydra (D:10)
  Erolcha (D:11)
  3 two-headed ogres
  Erica (D:9)
  The ghost of Zigma the Summoner, a journeyman OpSu of Sif Muna (D:11)
  Nergalle (D:10)
  2 flayed ghosts (Abyss:5)
  An ugly thing (D:11)
  A large abomination (Abyss:2)
  2 manticores
  A torpor snail (Lair:1)
  A smoke demon (Abyss:3)
  A black mamba (Lair:1)
  A cane toad (Lair:1)
  A komodo dragon (Lair:1)
  A wraith (D:11)
  3 wyverns
  A black mamba skeleton (Abyss:2)
  13 yaks
  3 steam dragons
  4 water moccasins
  8 orc warriors
  2 ice beasts
  2 black bears
  10 centaurs
  5 kobold brigands
  A phantom (D:4)
  2 bullfrogs (Lair:1)
  A necrophage (D:7)
  2 scorpions
  9 wights
  4 killer bees (D:9)
  2 howler monkeys
  5 hounds
  A jelly (D:4)
  Crazy Yiuf (D:7)
  2 orc priests
  An iron imp (Abyss:3)
  6 iguanas
  Natasha (thrice) (D:2)
  3 orc wizards
  7 gnolls
  4 adders
  A shadow imp (D:6)
  2 white imps
  An ufetubus (D:6)
  3 worms
  A dart slug (D:2)
  36 orcs
  3 ball pythons
  10 endoplasms
  4 giant cockroaches
  16 goblins
  10 hobgoblins
  12 jackals
  3 quokkas
  7 bats
  4 frilled lizards
  26 kobolds
  4 rats
269 creatures vanquished.

Vanquished Creatures (others)
  5 fungi (Lair:1)
5 creatures vanquished.

Grand Total: 274 creatures vanquished

Notes
Turn   | Place    | Note
-------+----------+-------------------------------------------
     0 | D:1      | Gargoyl the Gargoyle Berserker began the quest for the Orb.
     0 | D:1      | Reached XP level 1. HP: 14/14 MP: 1/1
   188 | D:1      | Reached XP level 2. HP: 10/19 MP: 2/2
   285 | D:1      | Found Duannei's Weapon Shoppe.
   326 | D:1      | Reached skill level 3 in Axes
   401 | D:1      | Reached XP level 3. HP: 14/24 MP: 3/3
   409 | D:1      | Reached ** piety under Trog
   881 | D:2      | Reached XP level 4. HP: 20/29 MP: 4/4
   924 | D:2      | Noticed Natasha
   936 | D:2      | Killed Natasha
   937 | D:2      | Reached skill level 4 in Axes
   987 | D:2      | Noticed Natasha
  1006 | D:2      | Killed Natasha
  1101 | D:2      | Reached XP level 5. HP: 33/33 MP: 5/5
  1168 | D:2      | Noticed Natasha
  1177 | D:2      | Killed Natasha
  1178 | D:2      | Found an ancient bone altar of Kikubaaqudgha.
  1386 | D:3      | Found a radiant altar of Vehumet.
  1392 | D:3      | Found a bloodstained altar of Trog.
  1394 | D:3      | Found a shimmering altar of Xom.
  1486 | D:3      | Found Barchaih's Antique Weapon Shop.
  2195 | D:4      | Reached XP level 6. HP: 35/38 MP: 6/6
  2204 | D:4      | Noticed a black bear
  2210 | D:4      | Killed a black bear
  2211 | D:4      | Reached skill level 5 in Axes
  2276 | D:1      | Bought a +2 war axe of venom for 194 gold pieces
  2455 | D:4      | Found a hazy altar of Hepliaklqana.
  2554 | D:4      | Reached XP level 7. HP: 41/44 MP: 7/7
  2660 | D:4      | Found the necklace of Bloodlust {*Rage Will++ Int-3 Slay+6}
  2683 | D:4      | Reached *** piety under Trog
  2895 | D:5      | Entered Level 5 of the Dungeon
  3070 | D:5      | Reached skill level 5 in Fighting
  3345 | D:5      | Found a staircase to the Ecumenical Temple.
  4009 | D:6      | Identified the +8 spear of Subjectivity {venom, rPois rC-
                  | Will+++ Int+3}
  4013 | D:6      | Reached skill level 6 in Axes
  4092 | D:6      | Reached XP level 8. HP: 49/49 MP: 8/8
  4106 | D:6      | Reached skill level 1 in Stealth
  4222 | D:6      | Identified a scroll of acquirement
  4222 | D:6      | Acquired the +0 cloak of the Orcish Mines {rC+ SInv}
  4280 | D:6      | Noticed a manticore
  4289 | D:6      | Killed a manticore
  4290 | D:6      | Reached skill level 7 in Axes
  4290 | D:6      | Reached skill level 5 in Armour
  4705 | D:7      | Reached XP level 9. HP: 55/55 MP: 9/9
  4962 | D:7      | Reached skill level 8 in Axes
  4966 | D:7      | Reached **** piety under Trog
  4991 | D:7      | Found a runed translucent door.
  4992 | D:7      | Noticed Crazy Yiuf
  5359 | D:7      | Killed Crazy Yiuf
  5826 | D:8      | Found a staircase to the Lair.
  5874 | D:8      | Found a basalt altar of Yredelemnul.
  6199 | D:9      | Gained mutation: You are frail. (-10% HP) [potion of
                  | mutation]
  6199 | D:9      | Gained mutation: Your flesh is heat resistant. (rF+)
                  | [potion of mutation]
  6199 | D:9      | Gained mutation: Your large and strong wings let you fly.
                  | [potion of mutation]
  6225 | D:9      | Reached skill level 9 in Axes
  6439 | D:9      | Reached XP level 10. HP: 56/56 MP: 10/10
  6702 | D:9      | Found a flagged portal.
  6713 | Bailey   | Entered a bailey
  6733 | Bailey   | Reached ***** piety under Trog
  7021 | Bailey   | Reached skill level 10 in Axes
  7613 | D:9      | Found a stormy altar of Qazlal.
  7703 | D:9      | Noticed Erica
  7711 | D:9      | Killed Erica
  7812 | D:10     | Entered Level 10 of the Dungeon
  7872 | D:10     | Found a blossoming altar of Fedhas.
  7904 | D:10     | Reached skill level 5 in Dodging
  7908 | D:10     | Noticed Nergalle
  7920 | D:10     | Killed Nergalle
  7925 | D:10     | Reached XP level 11. HP: 62/62 MP: 11/11
  7985 | D:10     | Noticed a two-headed ogre
  7986 | D:10     | Noticed a two-headed ogre
  7991 | D:10     | Killed a two-headed ogre
  7994 | D:10     | Killed a two-headed ogre
  8088 | D:10     | Reached skill level 11 in Axes
  8257 | D:10     | Noticed a five-headed hydra
  8263 | D:10     | Killed a two-headed hydra
  8271 | D:10     | Identified the +7 dagger of the Enemy {flame, rF- Will+
                  | Int-4 Dex+8}
  8305 | D:10     | Found a sacrificial altar of Ru.
  8550 | D:11     | Noticed a two-headed ogre
  8558 | D:11     | Killed a two-headed ogre
  8608 | D:11     | Found a large runed translucent door.
  8608 | D:11     | Found a large runed translucent door.
  8610 | D:11     | Noticed Zigma's ghost (journeyman OpSu)
  8700 | D:11     | Received a gift from Trog
  8762 | D:11     | Noticed a manticore
  8771 | D:11     | Killed a manticore
  8814 | D:11     | Noticed a cyan ugly thing
  8823 | D:11     | Killed a cyan ugly thing
  8824 | D:11     | Reached skill level 12 in Axes
  8887 | D:11     | Noticed Erolcha
  8892 | D:11     | Killed Erolcha
  9003 | D:11     | Found an ornate altar of the Wu Jian Council.
  9082 | D:11     | Killed Zigma's ghost
  9083 | D:11     | Reached skill level 1 in Long Blades
  9214 | Lair:1   | Entered Level 1 of the Lair of Beasts
  9223 | Lair:1   | Reached skill level 10 in Fighting
  9223 | Lair:1   | Reached XP level 12. HP: 69/69 MP: 12/12
  9586 | Lair:1   | Found a transporter.
  9605 | Lair:1   | Noticed Ceschuni's ghost (novice GrEE)
  9605 | Lair:1   | Found a one-way gate to the infinite horrors of the Abyss.
  9611 | Abyss:2  | Cast into level 2 of the Abyss (spriggan)
  9624 | Abyss:2  | Found a corrupted altar of Lugonu.
  9693 | Abyss:3  | Found a corrupted altar of Lugonu.
  9703 | Abyss:3  | Found a corrupted altar of Lugonu.
  9706 | Abyss:3  | Noticed a starcursed mass
  9741 | Abyss:3  | Noticed a bunyip
  9751 | Abyss:3  | Killed a bunyip
  9782 | Abyss:3  | Noticed a starcursed mass
  9800 | Abyss:3  | Noticed a starcursed mass
  9825 | Abyss:4  | Noticed a starcursed mass
  9850 | Abyss:5  | Noticed a thrashing horror
  9850 | Abyss:5  | Noticed a thrashing horror
  9872 | Abyss:5  | Reached skill level 13 in Axes
  9872 | Abyss:5  | Noticed an ettin
  9873 | Abyss:5  | Noticed an ettin
  9876 | Abyss:5  | Noticed an ettin
  9876 | Abyss:5  | Noticed an ettin
  9882 | Abyss:5  | Demolished by an ettin

Illustrated notes

Levels and vault maps discovered:
D:1:      lemuel_arrival_funnel, layout_rooms, serial_shops, shop,
          minmay_misc_feat_nine_boxes, minivault_26
D:2:      layout_rooms, basic_altar, dk_noncrumbling_3, uniq_natasha
D:3:      layout_basic, minitemple, serial_shops, nicolae_shop_trees,
          minmay_tree_intersection
D:4:      layout_basic, nicolae_overflow_hidden_temple, serial_park_tiny_2,
          mrwooster_statue_mirror, hangedman_decor_growths, minmay_checkerbox
D:5:      layout_basic, minmay_temple_entry_statues
D:6:      layout_cave_pools, glass_columns_a
D:7:      layout_basic, serial_park_tiny_2, minmay_misc_feat_secret_circle,
          uniq_crazy_yiuf_cottage
D:8:      nicolae_cairo_tiling, layout_rooms, lemuel_tele_altar,
          lair_entry_dummy, serial_corexii_hall, chequers_hall_statues_wall_a,
          corexii_hall_statues_s, corexii_corridor_pit
D:9:      layout_gridville, kennysheep_little_box,
          lightli_bailey_entry_fortress, serial_bayou_pond_d, uniq_erica
D:10:     cheibrodos_steamvent, layout_cross, mainiacjoe_overflow_boulevard,
          nicolae_ru_sacrificial_ziggurat, small_chamber_with_monster,
          uniq_nergalle
D:11:     layout_small_grid, ebering_ghost_disaster_area,
          nicolae_wu_jian_immortal_techniques, uniq_erolcha
Lair:1:   layout_regular_city, gammafunk_ghost_abyssal_escape
Abyss:5:  base: D:15, evilmike_abyss_exit_glass, evilmike_abyss_rune_ettins,
          evilmike_abyss_exit_13, spicy_abyss_planar_alliance

Skill      XL: |  1  2  3  4  5  6  7  8  9 10 11 12 |
---------------+-------------------------------------+-----
Axes           | 3 4 5 6 7 9 10 12 13 | 13.0
Dodging        | 2 3 5 |  5.9
Fighting       | 4 5 6 7 8 10 | 10.5
Armour         | 3 4 5 7 8 9 |  9.6
Stealth        | 1 2 3 |  3.2
Long Blades    | 1 |  1.0

Action                   |  1- 3 |  4- 6 |  7- 9 | 10-12 || total
-------------------------+-------+-------+-------+-------++-------
Melee: Hand axe          |   100 |   143 |       |       ||   243
       Punch             |     2 |     2 |       |     7 ||    11
       War axe           |       |    24 |   178 |   250 ||   452
       Scimitar          |       |       |       |     3 ||     3
Throw: Dart              |       |       |       |     3 ||     3
Invok: Berserk           |       |     3 |       |     1 ||     4
       Trog's Hand       |       |     3 |       |     5 ||     8
  Use: Scroll            |     4 |       |    12 |     9 ||    25
       Potion            |       |       |     2 |     7 ||     9
Armor: Animal skin       |    33 |       |       |       ||    33
       Ring mail         |    26 |    93 |       |       ||   119
       Scale mail        |       |     7 |   113 |   218 ||   338
Dodge: Dodged            |    95 |   121 |   105 |   242 ||   563

Table legend: (Time is in decaauts)
 A = Elapsed time spent in this place.
 B = Non-inter-level travel time spent in this place.
 C = Inter-level travel time spent in this place.
 D = Time resting spent in this place.
 E = Time spent auto-exploring this place.
 F = Levels seen in this place.
 G = Mean time per level.
                   A        B        C        D        E       F      G
               +--------+--------+--------+--------+--------+-----+--------+
         Total |  10522 |   9963 |    559 |     85 |   7255 |  17 |  618.9 |
       Dungeon |   8999 |   8440 |    559 |      0 |   6474 |  11 |  818.1 |
          Lair |    437 |    437 |      0 |      0 |    329 |   1 |  437.0 |
         Abyss |    300 |    300 |      0 |     31 |    140 |   4 |   75.0 |
        Bailey |    785 |    785 |      0 |     54 |    311 |   1 |  785.0 |
               +--------+--------+--------+--------+--------+-----+--------+

Top non-repeatable levels by time:
     D:5: 1153 daAuts
     D:9: 971 daAuts
     D:4: 910 daAuts
     D:7: 875 daAuts
     D:8: 829 daAuts
  Bailey: 785 daAuts
     D:1: 755 daAuts
    D:11: 745 daAuts
    D:10: 720 daAuts
     D:6: 714 daAuts
     D:3: 683 daAuts
     D:2: 639 daAuts
  Lair:1: 437 daAuts
 Abyss:3: 131 daAuts
 Abyss:2: 87 daAuts
